 Dungeon Crawl Stone Soup version 0.29.1-15-g9cfb28693d (webtiles) character file.

Game seed: 14514477210231054480

416 Wiggles the Cleaver (level 6, -5/51 HPs)
             Began as a Minotaur Berserker on Mar 30, 2023.
             Was a Believer of Trog.
             Slain by Ast3rio's ghost (6 damage)
             ... on level 4 of the Dungeon.
             The game lasted 00:06:59 (4737 turns).

Wiggles the Cleaver (Minotaur Berserker)            Turns: 4737, Time: 00:06:59

Health: -5/51      AC: 13    Str: 23    XL:     6   Next: 60%
Magic:  5/5        EV:  5    Int:  4    God:    Trog [**....]
Gold:   196        SH:  7    Dex: 10    Spells: 5/5 levels left

rFire   . . .      SeeInvis .   a - +0 hand axe
rCold   . . .      Faith    .   c - +0 kite shield
rNeg    . . .      Spirit   .   r - +0 plate armour
rPois   .          Reflect  .   (helmet restricted)
rElec   .          Harm     .   l - +0 cloak
rCorr   .          Rampage  .   u - +0 pair of gloves
Will    .....                   (no boots)
Stlth   ..........              (no amulet)
HPRegen 0.17/turn               (no ring)
MPRegen 0.09/turn               (no ring)

@: on berserk cooldown, slowed, very slow
A: horns 2, retaliatory headbutt
a: Renounce Religion, Berserk, Trog's Hand


You were on level 4 of the Dungeon.
You worshipped Trog.
Trog was pleased with you.
You visited 1 branch of the dungeon, and saw 4 of its levels.

You collected 196 gold pieces.

Inventory:

Hand Weapons
 a - a +0 hand axe (weapon)
Missiles
 s - 6 javelins (quivered)
Armour
 c - a +0 kite shield (worn)
 l - a +0 cloak (worn)
 r - a +0 plate armour (worn)
 u - a +0 pair of gloves (worn)
Jewellery
 w - a ring of magical power
Scrolls
 b - a scroll of magic mapping {unknown}
 e - a scroll of summoning {unknown}
 g - 3 scrolls of amnesia {unknown}
 h - 2 scrolls of fear {unknown}
 k - 5 scrolls of identify {unknown}
 m - a scroll of brand weapon {unknown}
 o - a scroll of blinking {unknown}
 p - a scroll of enchant weapon {unknown}
 q - a scroll of torment {unknown}
 t - 2 scrolls of noise {unknown}
Potions
 d - a potion of berserk rage {unknown}
 f - 2 potions of mutation {unknown}
 i - a potion of heal wounds {unknown}
 j - a potion of haste {unknown}
 n - a potion of lignification {unknown}
 v - a potion of brilliance {unknown}


   Skills:
 - Level 3.6 Fighting
 + Level 8.4 Axes
 + Level 0.9 Throwing
 - Level 2.4 Armour
 - Level 2.1 Dodging
 + Level 0.8 Stealth
 + Level 2.3 Shields


You had 5 spell levels left.
You didn't know any spells.
Your spell library was empty.

Dungeon Overview and Level Annotations

Branches:
Dungeon (4/15)
 Temple: D:4-7

Altars:
Hepliaklqana

Shops:
D:4 (

Annotations:
D:4 1 runed translucent door, Ast3rio's ghost, amateur MiBe


Innate Abilities, Weirdness & Mutations

You have a pair of horns on your head.
You reflexively headbutt those who attack you in melee.


Message History

You slash the worm! Ast3rio's ghost closely misses you.
The worm barely misses you.
Ast3rio's ghost hits you but does no damage.
You closely miss Ast3rio's ghost.
Ast3rio's ghost is moderately damaged.
You hit the worm.
Ast3rio's ghost hits you but does no damage.
The worm bites you but does no damage.
Ast3rio's ghost says, "One skewered Minotaur, coming right up."
Ast3rio's ghost barely misses you.
You barely miss Ast3rio's ghost.
Ast3rio's ghost is moderately damaged.
You hit the worm but do no damage. You block Ast3rio's ghost's attack.
You block the worm's attack.
Your unstable footing causes you to fumble your attack.
Ast3rio's ghost closely misses you. The worm barely misses you.
Ast3rio's ghost hits you. Ast3rio's ghost burns you.
Your unstable footing causes you to fumble your attack.
Ast3rio's ghost hits you. Ast3rio's ghost burns you.
The worm splashes around in the water.
You block Ast3rio's ghost's attack.
Your unstable footing causes you to fumble your attack.
You block Ast3rio's ghost's attack.
The worm splashes around in the water.
You hit Ast3rio's ghost. Your headbutt misses Ast3rio's ghost.
Ast3rio's ghost is moderately damaged.
You barely miss the worm. Ast3rio's ghost barely misses you.
The worm bites you but does no damage. Ast3rio's ghost hits you.
* * * LOW HITPOINT WARNING * * *
Ast3rio's ghost burns you.
* * * LOW HITPOINT WARNING * * *
Your unstable footing causes you to fumble your attack.
Ast3rio's ghost hits you.
* * * LOW HITPOINT WARNING * * *
Ast3rio's ghost burns you.
* * * LOW HITPOINT WARNING * * *
The worm bites you but does no damage.
Your unstable footing causes you to fumble your attack.
You block Ast3rio's ghost's attack. The worm bites you!
* * * LOW HITPOINT WARNING * * *
Ast3rio's ghost hits you.
You die...

.# #......# #......∩... .#
######......######.......##. [#
#....................##..##. .#
##........#########...##..### .#
#.........# #.......# # .#
#.......>.# #.####.####
.####....##############.# #.....
>........#~~~~~~W~~#.##.# ######
....#....+~~~~!w@~~'....# #
....###..#~~~~~~~~~#.#### #
....#....###########....# #
....#.#.....# ####.#########
.####.#.....##########...........
......#................##########
####..#.#.#####..................
##.#.#.# #.######.##########
#...#.#####.# #.# #...


You could see a worm and Ast3rio's ghost.

Vanquished Creatures
  2 ogres (D:4)
  A scorpion (D:4)
  Crazy Yiuf (D:2)
  An iguana (D:4)
  6 adders
  4 worms
  A dart slug (D:3)
  5 orcs
  10 ball pythons
  9 endoplasms
  4 giant cockroaches
  2 goblins (D:1)
  7 hobgoblins
  2 quokkas
  A bat (D:2)
  2 frilled lizards
  6 kobolds
  9 rats
73 creatures vanquished.

Notes
Turn   | Place    | Note
-------+----------+-------------------------------------------
     0 | D:1      | Wiggles the Minotaur Berserker began the quest for the Orb.
     0 | D:1      | Reached XP level 1. HP: 19/19 MP: 0/0
    22 | D:1      | You fall into a shaft and drop 1 floor!
   120 | D:1      | Reached skill level 4 in Axes
   171 | D:1      | Reached XP level 2. HP: 19/26 MP: 1/1
  1063 | D:1      | Reached skill level 5 in Axes
  1292 | D:2      | Reached XP level 3. HP: 21/31 MP: 2/2
  1660 | D:2      | Found a runed translucent door.
  1661 | D:2      | Noticed Crazy Yiuf
  1669 | D:2      | Killed Crazy Yiuf
  1670 | D:2      | Reached skill level 1 in Shields
  1670 | D:2      | Reached XP level 4. HP: 37/39 MP: 3/3
  1959 | D:2      | Reached skill level 6 in Axes
  2016 | D:2      | Reached ** piety under Trog
  2889 | D:3      | Found a faded altar of an unknown god.
  2969 | D:3      | Found a hazy altar of Hepliaklqana.
  3203 | D:3      | Identified the +4 ring mail "Apeut" {-Cast +Blink rC+
                  | Will++}
  3504 | D:4      | Found a runed translucent door.
  3582 | D:4      | Reached XP level 5. HP: 38/45 MP: 4/4
  3600 | D:4      | Reached skill level 7 in Axes
  4057 | D:4      | Noticed an ogre
  4063 | D:4      | Killed an ogre
  4064 | D:4      | Reached XP level 6. HP: 51/51 MP: 5/5
  4075 | D:4      | Found Pycuqaj's Weapon Shop.
  4143 | D:4      | Found a runed translucent door.
  4146 | D:4      | Noticed Ast3rio's ghost (amateur MiBe)
  4531 | D:4      | Reached skill level 8 in Axes
  4737 | D:4      | HP: 1/51 [worm (7)]
  4737 | D:4      | Slain by Ast3rio's ghost

Illustrated notes

Levels and vault maps discovered:
D:1:      roderic_dead_forest, layout_loops_corners, minmay_misc_feat_plants
D:2:      minmay_chambers_of_ones, layout_loops_corners, glass_columns_a,
          uniq_crazy_yiuf_cottage
D:3:      layout_loops_ring, lemuel_crystal_altar,
          hellmonk_ecumenical_altar_pennies_from_heaven
D:4:      layout_basic, serial_shops, nicolae_square_shop,
          ebering_ghost_sewer_f, minmay_bent

Skill      XL: |  1  2  3  4  5  6 |
---------------+-------------------+-----
Axes           | 4 5 6 7 8 |  8.4
Shields        | 1 2 |  2.3
Fighting       | |  3.6
Throwing       | |  0.9
Armour         | |  2.4
Dodging        | |  2.1
Stealth        | |  0.8

Action                   |  1- 3 |  4- 6 || total
-------------------------+-------+-------++-------
Melee: Hand axe          |    83 |   119 ||   202
       Headbutt          |     9 |    18 ||    27
Throw: Javelin           |       |    10 ||    10
Invok: Berserk           |     1 |     2 ||     3
Armor: Animal skin       |     3 |       ||     3
       Leather armour    |     7 |       ||     7
       Chain mail        |    33 |    14 ||    47
       Ring mail         |     1 |       ||     1
       Plate armour      |       |    40 ||    40
Dodge: Dodged            |    30 |    33 ||    63
Block: Kite shield       |    19 |    26 ||    45
